 Dungeon Crawl Stone Soup version 0.20-a0-947-g2784f4f (webtiles) character file.

153 Hybris the Skirmisher (level 5, -3/61 HPs)
             Began as an Ogre Fighter on Apr 3, 2017.
             Slain by an orc
             ... wielding a +0 trident
              (9 damage)
             ... on level 3 of the Dungeon.
             The game lasted 00:04:53 (3289 turns).

Hybris the Skirmisher (Ogre Fighter)                Turns: 3289, Time: 00:04:53

Health: -3/61      AC:  3    Str: 26    XL:     5   Next: 35%
Magic:  5/5        EV:  8    Int:  9    God:
Gold:   87         SH:  8    Dex:  8    Spells: 4/4 levels left

rFire    . . .     SeeInvis .   a - +0 flail
rCold    . . .     Gourm    .   c - +0 shield
rNeg     . . .     Faith    .   i - +0 robe (curse)
rPois    .         Spirit   .   (helmet restricted)
rElec    .         Reflect  .   (no cloak)
rCorr    .         Harm     .   (gloves unavailable)
MR       .....                  (boots unavailable)
Stlth    +.........             (no amulet)
Regen    0.2/turn               (no ring)
MPRegen  0.1/turn               (no ring)

@: mighty
A: unfitting armour, tough skin 1
a: no special abilities


You were on level 3 of the Dungeon.
You were not hungry.

You visited 1 branch of the dungeon, and saw 3 of its levels.

You collected 87 gold pieces.

Inventory:

Hand Weapons
 a - a +0 flail (weapon)
Armour
 c - a +0 shield (worn)
 g - a +0 robe of positive energy
 i - a cursed +0 robe (worn)
Scrolls
 e - 2 scrolls of identify {unknown}
 j - 3 scrolls of noise {unknown}
 m - a scroll of teleportation {unknown}
 n - 2 scrolls of immolation {unknown}
 q - a scroll of enchant weapon {unknown}
Potions
 k - 2 potions of magic
 l - a potion of agility {unknown}
 o - a potion of lignification
 p - a potion of heal wounds {unknown}
 r - a potion of curing
 t - a potion of degeneration {unknown}
 u - a potion of haste {unknown}
Comestibles
 b - 3 fruits
 f - 3 bread rations
 h - a royal jelly
 s - 2 meat rations
 v - 3 chunks of flesh


   Skills:
 * Level 6.7 Fighting
 + Level 3.1 Maces & Flails
 - Level 2.6 Dodging
 - Level 2.6 Shields


You had 4 spell levels left.
You didn't know any spells.

Dungeon Overview and Level Annotations

Branches:
Dungeon (3/15)

Altars:
Ashenzari
Fedhas


Innate Abilities, Weirdness & Mutations

You are too large for most types of armour.
You have tough skin. (AC +1)


Message History

The orc hits you but does no damage. You block the orc's attack.
You block the orc's attack. The orc hits you but does no damage.
You block the orc's attack.
You sock the worm!
The worm is almost dead.
The orc hits you but does no damage. The worm bites you.
* * * LOW HITPOINT WARNING * * *
You sock the worm!
You kill the worm!
You feel less wooden.
Your cursed +0 robe unmelds from your body.
The orc hits you from afar with a trident.
* * * LOW HITPOINT WARNING * * *
It was a potion of curing.
You feel better.
The orc hits you from afar with a trident.
* * * LOW HITPOINT WARNING * * *
The orc hits you with a trident!
You die...

#..).....# #.......
##......(######......
#...........###..<..
#........##(# ######
###.####....###
#....####...######
##..#...........##.
#.o..[#####........
#†@##.# #........
#..##..# #........
##.###...##........
#...###..##...h...
######.....##..##......
#........#.###..#####..
#........#.............
#........#............#
#....................o.


You could see an orc.

Vanquished Creatures
  Jessica (D:2)
  A gnoll (D:3)
  3 adders (D:2)
  A dart slug (D:1)
  2 worms
  3 leopard geckos
  3 orcs (D:3)
  6 giant cockroaches
  8 goblins
  8 hobgoblins
  12 jackals
  7 kobolds
  11 bats
  A frilled lizard (D:2)
  5 rats
72 creatures vanquished.

Notes
Turn   | Place    | Note
-------+----------+-------------------------------------------
     0 | D:1      | Hybris the Ogre Fighter began the quest for the Orb.
     0 | D:1      | Reached XP level 1. HP: 24/24 MP: 1/1
   231 | D:1      | Reached XP level 2. HP: 33/33 MP: 2/2
   969 | D:1      | Reached XP level 3. HP: 33/41 MP: 3/3
  1267 | D:2      | Reached skill level 5 in Fighting
  1322 | D:2      | Noticed Jessica
  1328 | D:2      | Killed Jessica
  1328 | D:2      | Reached XP level 4. HP: 50/50 MP: 4/4
  1942 | D:2      | Found a shattered altar of Ashenzari.
  1982 | D:2      | Reached skill level 6 in Fighting
  2665 | D:3      | Reached XP level 5. HP: 50/59 MP: 5/5
  2675 | D:3      | Found a blossoming altar of Fedhas.
  3287 | D:3      | HP: 3/61 [orc/trident (5)]
  3289 | D:3      | Slain by an orc

Vault maps used:
D:1:      minmay_arrival_five_plusses
D:2:      lemuel_crystal_altar, first_bread, minmay_pentomino_u4, uniq_jessica
D:3:      old_standard_altar

Skill      XL: |  1  2  3  4 |
---------------+-------------+-----
Maces & Flails | 2 3 |  3.1
Fighting       | 5 6 |  6.7
Dodging        | |  2.6
Shields        | |  2.6

Action                   |  1- 3 |  4- 6 || total
-------------------------+-------+-------++-------
Melee: Flail             |    92 |   155 ||   247
  Use: Scroll            |     1 |       ||     1
       Potion            |       |     4 ||     4
  Eat: Chunk             |     1 |     7 ||     8
Armor: Robe              |    39 |    60 ||    99
       Skin              |       |    13 ||    13
Dodge: Dodged            |    49 |    77 ||   126
Block: Shield            |    57 |   111 ||   168
